 Dungeon Crawl Stone Soup version 0.23.1 (webtiles) character file.

Game seed: 7340096051244201101

84 Borgoz the Ruffian (level 4, -1/38 HPs)
             Began as a Ghoul Warper on Mar 6, 2019.
             Slain by an adder (2 damage)
             ... on level 2 of the Dungeon.
             The game lasted 00:03:20 (1046 turns).

Borgoz the Ruffian (Ghoul Warper)                   Turns: 1046, Time: 00:03:21

Health: -1/38      AC:  5    Str: 14    XL:     4   Next: 46%
Magic:  6/6        EV: 14    Int:  8    God:
Gold:   99         SH:  0    Dex:  9    Spells: 7/7 levels left

rFire    . . .     SeeInvis .     - Unarmed
rCold    + . .     Gourm    .   (no shield)
rNeg     + + +     Faith    .   a - +0 leather armour
rPois    ∞         Spirit   .   (no helmet)
rElec    .         Reflect  .   k - +1 cloak
rCorr    .         Harm     .   (no gloves)
MR       .....                  (no boots)
Stlth    +.........             (no amulet)
HPRegen  0.00/turn              b - ring of wizardry
MPRegen  0.10/turn              i - +2 ring of evasion

@: rotting
A: rotting body, claws 1, carnivore, cold resistance 1, negative energy
resistance 3, inhibited regeneration, torment resistance, unbreathing
a: no special abilities


You were on level 2 of the Dungeon.
You were not hungry.

You visited 1 branch of the dungeon, and saw 2 of its levels.

You collected 99 gold pieces.

Inventory:

Missiles
 d - 5 tomahawks of dispersal (quivered)
Armour
 a - a +0 leather armour (worn)
 k - a +1 cloak (worn)
Jewellery
 b - a ring of wizardry (left claw)
 i - a +2 ring of evasion (right claw)
Scrolls
 c - a scroll of blinking
 e - 5 scrolls of identify {unknown}
 h - a scroll of amnesia {unknown}
 j - a scroll of teleportation {unknown}
Comestibles
 f - 4 rations


   Skills:
 * Level 3.0 Fighting
 - Level 0.8 Throwing
 + Level 1.3 Armour
 + Level 2.4 Dodging
 * Level 3.1 Unarmed Combat
 + Level 2.2 Spellcasting
   Level 2.6 Translocations


You had 7 spell levels left.
You didn't know any spells.
Your spell library contained the following spells:

 Spells                   Type           Power        Failure   Level  Hunger
 Blink                    Tloc           N/A          9%          2    ###....
 Shroud of Golubria       Chrm/Tloc      #.........   16%         2    ###....
 Gell's Gravitas          Tloc           #.........   16%         3    ####...
 Lesser Beckoning         Tloc           #.........   16%         3    ####...
 Teleport Other           Tloc           #.......     16%         3    ####...
 Passage of Golubria      Tloc           N/A          45%         4    #####..


Dungeon Overview and Level Annotations

Branches:
Dungeon (2/15)

Altars:


Innate Abilities, Weirdness & Mutations

Your body is rotting away.
You thrive on raw meat.
You are immune to poison.
You have sharp fingernails.
You are carnivorous and can eat meat at any time.
Your flesh is cold resistant. (rC+)
You are immune to negative energy. (rN+++)
You do not regenerate when monsters are visible.
You are immune to unholy pain and torment.
You can survive without breathing.


Message History

You barely miss the adder.
The adder is severely wounded.
The adder bites you.
* * * LOW HITPOINT WARNING * * *
You completely miss the adder.
The adder is severely wounded.
The leopard gecko barely misses you. The adder closely misses you. x2
The leopard gecko misses you.
You barely miss the adder.
The adder is severely wounded.
The adder bites you but does no damage. The leopard gecko barely misses you.
You barely miss the leopard gecko. The adder completely misses you.
The leopard gecko closely misses you.
You claw the leopard gecko!
You kill the leopard gecko!
The adder misses you.
You barely miss the adder.
The adder is severely wounded.
The adder bites you.
You die...

#### # #..#..#
##. #..#..#
#...##..#..##
#..P#.....K.# ##
#. .
........#)#......
. .. .
......g.#(# K###.
# .#.# .P###b((.#
.# ###.#.# g
#S####..#.
.......
#(@†......
.#..#.#
###.........
.#..#.##
##...########
.......### #..#.#
.#.#####.####...#
......##........#
##.##.##..####..#
#.##.##..# #..#
#........# ...#


You could see an adder, a goblin and a bat.

Vanquished Creatures
  An adder (D:2)
  2 gnolls (D:2)
  2 worms (D:2)
  2 dart slugs (D:1)
  5 leopard geckos
  4 giant cockroaches
  4 goblins (D:1)
  6 hobgoblins
  6 bats
  2 frilled lizards
  5 kobolds (D:1)
  2 rats (D:1)
  A toadstool (D:1)
42 creatures vanquished.

Vanquished Creatures (others)
  3 toadstools (D:1)
3 creatures vanquished.

Grand Total: 45 creatures vanquished

Notes
Turn   | Place    | Note
-------+----------+-------------------------------------------
     0 | D:1      | Borgoz the Ghoul Warper began the quest for the Orb.
     0 | D:1      | Reached XP level 1. HP: 17/17 MP: 2/2
    65 | D:1      | Reached XP level 2. HP: 22/25 MP: 3/3
   172 | D:1      | Reached skill level 1 in Armour
   299 | D:1      | Reached XP level 3. HP: 19/30 MP: 5/5
   976 | D:2      | Reached XP level 4. HP: 32/37 MP: 6/6
  1041 | D:2      | HP: 1/38 [adder (2)]
  1046 | D:2      | Slain by an adder

Skill      XL: |  1  2  3  4 |
---------------+-------------+-----
Dodging        | 2 |  2.4
Spellcasting   | 2 |  2.2
Armour         | 1 |  1.3
Unarmed Combat | 3 |  3.1
Fighting       | 3 |  3.0
Throwing       | |  0.8
Translocations | |  2.6

Action                   |  1- 3 |  4- 6 || total
-------------------------+-------+-------++-------
Melee: Unarmed           |   126 |    27 ||   153
  Use: Potion            |       |     1 ||     1
  Eat: Chunk             |     5 |     3 ||     8
Armor: Leather armour    |    17 |     9 ||    26
Dodge: Dodged            |    97 |    24 ||   121
